 Dungeon Crawl Stone Soup version 0.31.0-11-ge490571c62 (webtiles) character file.

Game seed: 9212578679121622595

9979 Aneyh the Fighter (level 11, -14/72 HPs)
             Began as a Tengu Monk on Feb 5, 2024.
             Was a High Priest of Hepliaklqana.
             Shot with a bolt by a tengu warrior (32 damage)
             ... on level 13 of the Dungeon.
             The game lasted 00:32:37 (11735 turns).

Aneyh the Fighter (Tengu Monk)                     Turns: 11735, Time: 00:32:38

Health: -14/72     AC:  6    Str: 14    XL:     11   Next: 55%
Magic:  12/12      EV: 37    Int: 13    God:    Hepliaklqana [*****.]
Gold:   708        SH:  5    Dex: 22    Spells: 7/10 levels left

rFire   . . .        a - +5 trident
rCold   . . .        y - +0 buckler
rNeg    . . .        W - +2 troll leather armour
rPois   .            (helmet restricted)
rElec   .            (no cloak)
rCorr   .            j - +0 pair of gloves
SInv    .            (boots unavailable)
Will    .....        (no amulet)
Stlth   ++           J - +5 ring of evasion
HPRegen 1.12/turn    K - +6 ring of dexterity
MPRegen 0.13/turn

%: acrobat
@: acrobatic, flying
A: reduced essence, beak, talons 3, evasive flight, acrobatic
a: Renounce Religion, Recall Ancestor, Ancestor Identity, Transference, Idealise


You were on level 13 of the Dungeon.
You worshipped Hepliaklqana.
Hepliaklqana was extremely pleased with you.
You visited 2 branches of the dungeon, and saw 14 of its levels.

You collected 708 gold pieces.

Inventory:

Hand Weapons
 a - a +5 trident (weapon)
 b - a +0 sling
 i - a +4 scimitar of flaming
 l - a +0 arbalest
 n - a +0 war axe
 s - a +0 halberd
 x - a +0 mace of protection
 G - a +0 battleaxe
 L - a +1 heavy spear
 O - a +4 great sword
 R - a +2 spear of venom
 T - the +4 long sword of Rafim {flame, ^Contam Str+7}
   (You found it on level 11 of the Dungeon)

   Str+7:     It affects your strength (+7).
   ^Contam:   It causes magical contamination when unequipped.
Missiles
 d - 4 throwing nets
 V - 5 javelins
Armour
 h - a +0 tower shield
 j - a +0 pair of gloves (worn)
 t - +0 acid dragon scales
 y - a +0 buckler (worn)
 P - a +2 robe of cold resistance
 Q - a +2 leather armour of willpower
 W - a +2 troll leather armour (worn)
Jewellery
 J - a +5 ring of evasion (left hand)
 K - a +6 ring of dexterity (right hand)
 N - a ring of magical power
 S - a ring of see invisible
Wands
 r - a wand of quicksilver (7)
 w - a wand of flame (17)
Scrolls
 e - 2 scrolls of teleportation
 m - 2 scrolls of vulnerability
 o - a scroll of enchant weapon
 p - 2 scrolls of silence
 q - a scroll of blinking
 u - a scroll of immolation
 v - a scroll of poison
 F - 3 scrolls of revelation
 I - a scroll of noise
Potions
 c - a potion of ambrosia
 f - 2 potions of lignification
 g - 2 potions of haste
 k - 3 potions of enlightenment
 z - 2 potions of resistance
 C - a potion of heal wounds {unknown}
 D - a potion of might
 E - 4 potions of curing
 H - a potion of invisibility
 U - a potion of mutation {unknown}
 Y - a potion of brilliance
 Z - a potion of berserk rage {unknown}


   Skills:
 + Level 14.9 Fighting
 - Level 10.0 Polearms
 - Level 3.2 Dodging
 * Level 5.9 Summonings


You had 7 spell levels left.
You knew the following spells:

 Your Spells              Type           Power      Damage    Failure   Level
a - Call Canine Familiar  Summ           15%        N/A       14%         3

Your spell library contained the following spells:

 Spells                   Type           Power      Damage    Failure   Level
 Summon Small Mammal      Summ           60%        N/A       4%          1
 Sting                    Conj/Alch      0%         1d3       47%         1
 Cigotuvi's Dreadful Rot  Necr/Alch/Air  0%         N/A       63%         2
 Mercury Vapours          Alch/Air       0%         N/A       63%         2
 Tukima's Dance           Hex            0%         N/A       85%         3
 Summon Blazeheart Golem  Fire/Summ      7%         N/A       85%         4
 Ignite Poison            Fire/Alch      0%         N/A       99%         4
 Olgreb's Toxic Radiance  Alch           0%         N/A       99%         4
 Passage of Golubria      Tloc           0%         N/A       99%         4
 Freezing Cloud           Conj/Ice/Air   0%         6-21      100%        5
 Silence                  Hex/Air        0%         N/A       100%        5
 Yara's Violent Unravell  Hex/Alch       0%         3d3       100%        5
 Lehudib's Crystal Spear  Conj/Erth      0%         10d2      100%        8


Dungeon Overview and Level Annotations

Branches:
Dungeon (13/15)            Temple (0/1) D:5            Lair (0/5) D:8
    Orc (1/2) D:11
 Vaults: D:13-14

Altars:
Ashenzari
Gozag
Hepliaklqana
Ru
Trog
Vehumet
Xom
Zin
The Shining One

Shops:
D:10 (

Annotations:
D:9 Jeremiah


Innate Abilities, Weirdness & Mutations

Your life essence is reduced to manifest your ancestor. (-10% HP)
You have a beak for a mouth.
You have claws for feet.
Your magical flight helps you evade attacks. (EV +4)
You can magically evade attacks while moving or waiting.


Message History

Press: ? - help, Dir - move target, f - tengu warrior
Aim: a tengu warrior, wielding a +0 arbalest and wearing a +0 ring mail (severely wounded, ally target, about 38% to evade your +5 trident)
You reach to attack!
You barely miss the tengu warrior.
The tengu warrior is severely wounded.
The tengu warrior shoots a bolt.
The bolt barely misses Mettia.
The bolt closely misses you.
Mettia completely misses the tengu warrior.
Reach: a) +5 trident
Press: ? - help, Dir - move target, f/p - tengu warrior
Aim: a tengu warrior, wielding a +0 arbalest and wearing a +0 ring mail (severely wounded, ally target, about 38% to evade your +5 trident)
You reach to attack!
You puncture the tengu warrior!
The tengu warrior is almost dead.
The tengu warrior shoots a bolt.
The bolt hits Mettia!
Mettia is destroyed!
Reach: a) +5 trident
Press: ? - help, Dir - move target, f/p - tengu warrior
Aim: a tengu warrior, wielding a +0 arbalest and wearing a +0 ring mail (almost dead, about 38% to evade your +5 trident)
You reach to attack!
You closely miss the tengu warrior.
The tengu warrior is almost dead.
Unknown command.
The tengu warrior shoots a bolt.
The bolt barely misses you.
The tengu warrior shoots a bolt.
The bolt hits you!!
* * * LOW HITPOINT WARNING * * *
The tengu warrior unwields a +0 arbalest.
The tengu warrior wields a +0 great mace.
You block the tengu warrior's attack.
The tengu warrior completely misses you.
The tengu warrior barely misses you.
You are confused.
You feel invigorated.
Your familiar recovers from its injuries.
The tengu warrior barely misses you. The tengu warrior closely misses you.
The tengu warrior misses you.
The tengu warrior unwields a +0 great mace.
The tengu warrior wields a +0 arbalest.
The tengu warrior shoots a bolt.
The bolt closely misses you.
You feel less invigorated.
You feel less confused.
The tengu warrior shoots a bolt.
The bolt hits you!!
You die...

##########################
..........................
........Q.................
......†...................
....##...##...##.........
########..@#######.........
#.....##...##...######'##..
#...<.##....P♣..##.....##..
#...........~~...#.....####
#.....##...~P♣...#.....##..
#.....##...~~~...#.........
#......#...♣~♣..##.........
#.....##...#..#'#########..
#.....##...##...##.....##..


You could see a tengu warrior.

Vanquished Creatures
  Harold (D:10)
  A manticore (D:11)
  A cyclops (D:10)
  A kobold blastminer (Orc:1)
  A gargoyle (D:13)
  An unseen horror (D:11)
  A kobold demonologist (D:11)
  A troll (D:11)
  A hornet (D:11)
  A slime creature (D:12)
  Sigmund (D:2)
  A warg (Orc:1)
  2 basilisks (D:11)
  An acid dragon (D:12)
  A water moccasin (D:5)
  6 orc warriors
  An ice beast (D:7)
  A black bear (D:5)
  An ogre (D:4)
  2 centaurs (D:8)
  A kobold brigand (D:8)
  A bullfrog (D:6)
  Blork the orc (D:5)
  3 killer bees (D:10)
  6 howler monkeys
  2 bombardier beetles (D:5)
  2 hounds
  2 orc priests
  A gnoll bouda (D:7)
  An iguana (D:5)
  8 orc wizards
  11 gnolls
  6 adders
  A shadow imp (D:5)
  2 nameless horrors
  An ufetubus (D:6)
  A ribbon worm (D:2)
  3 dart slugs
  30 orcs
  5 ball pythons
  4 bats
  7 endoplasms
  4 giant cockroaches
  3 goblins
  4 hobgoblins
  2 jackals (D:1)
  2 quokkas
  4 frilled lizards
  9 kobolds
  3 rats
157 creatures vanquished.

Vanquished Creatures (collateral kills)
  Erica (D:8)
  An orc high priest (D:11)
  A kobold blastminer (D:11)
  A tengu conjurer (D:13)
  A troll (D:10)
  Grinder (D:5)
  A slime creature (D:12)
  A wyvern (D:11)
  An acid dragon (D:12)
  A black bear (D:5)
  3 orc warriors
  A sky beast (D:8)
  2 ogres
  A phantom (D:5)
  A bullfrog (D:8)
  2 gnoll sergeants
  A scorpion (D:6)
  3 wights (D:7)
  A killer bee (D:10)
  A howler monkey (D:12)
  3 orc priests (D:7)
  An iguana (D:5)
  3 orc wizards
  A nameless horror (D:11)
  9 gnolls
  An adder (D:6)
  3 ufetubi (D:6)
  9 orcs
  3 kobolds (D:8)
59 creatures vanquished.

Vanquished Creatures (others)
  6 knights
6 creatures vanquished.

Grand Total: 222 creatures vanquished

Notes
Turn   | Place    | Note
-------+----------+-------------------------------------------
     0 | D:1      | Aneyh the Tengu Monk began the quest for the Orb.
     0 | D:1      | Reached XP level 1. HP: 14/14 MP: 2/2
   135 | D:1      | Reached XP level 2. HP: 14/19 MP: 3/3
   322 | D:1      | Found a faded altar of an unknown god.
   420 | D:1      | You fall into a shaft and drop 1 floor!
   575 | D:2      | Reached XP level 3. HP: 18/23 MP: 4/4
   926 | D:2      | Reached skill level 5 in Polearms
  1068 | D:2      | Noticed Sigmund
  1078 | D:2      | Killed Sigmund
  1079 | D:2      | Reached skill level 5 in Fighting
  1079 | D:2      | Reached XP level 4. HP: 31/31 MP: 5/5
  1079 | D:2      | Reached XP level 5. HP: 35/35 MP: 6/6
  1951 | D:3      | Reached XP level 6. HP: 40/40 MP: 7/7
  2269 | D:4      | Found a sacrificial altar of Ru.
  2547 | D:4      | Found a broken altar of Ashenzari.
  2552 | D:4      | Reached skill level 6 in Fighting
  2862 | D:4      | Found a shimmering altar of Xom.
  2863 | D:4      | Found a hazy altar of Hepliaklqana.
  2863 | D:4      | Noticed a caustic shrike
  2864 | D:4      | Noticed a spectral ugly thing
  2864 | D:4      | Noticed a caustic shrike
  2867 | D:4      | Became a worshipper of Hepliaklqana the Forgotten
  2867 | D:4      | Reached * piety under Hepliaklqana
  2867 | D:4      | Reached ** piety under Hepliaklqana
  2868 | D:4      | Remembered your ancestor Mettia as a knight
  3016 | D:5      | Entered Level 5 of the Dungeon
  3021 | D:5      | Noticed a black bear
  3029 | D:5      | Killed a black bear
  3030 | D:5      | Reached skill level 7 in Fighting
  3030 | D:5      | Gained mutation: Your magical flight helps you evade
                  | attacks. (EV +4) [Tengu growth]
  3030 | D:5      | Reached XP level 7. HP: 43/43 MP: 8/8
  3117 | D:5      | Found a staircase to the Ecumenical Temple.
  3192 | D:5      | Reached skill level 8 in Fighting
  3303 | D:5      | Noticed Blork the orc
  3310 | D:5      | Killed Blork the orc
  3436 | D:5      | Reached XP level 8. HP: 49/49 MP: 9/9
  3523 | D:5      | Noticed Grinder
  3524 | D:5      | Paralysed by Grinder for 5 turns
  3534 | D:5      | Paralysed by Grinder for 5 turns
  3540 | D:5      | Killed Grinder
  3541 | D:5      | Reached skill level 9 in Fighting
  4080 | D:6      | Reached skill level 10 in Fighting
  4315 | D:6      | Found a glowing silver altar of Zin.
  4422 | D:6      | Reached *** piety under Hepliaklqana
  4771 | D:7      | Reached skill level 11 in Fighting
  4771 | D:7      | Reached XP level 9. HP: 41/57 MP: 10/10
  5321 | D:7      | Found a glowing golden altar of the Shining One.
  5337 | D:7      | Reached skill level 12 in Fighting
  5415 | D:7      | Found a bloodstained altar of Trog.
  5415 | D:7      | Found a radiant altar of Vehumet.
  5952 | D:8      | Found a staircase to the Lair.
  5963 | D:8      | Noticed Erica
  5990 | D:8      | Killed Erica
  5991 | D:8      | Reached skill level 13 in Fighting
  6222 | D:8      | Reached XP level 10. HP: 43/65 MP: 11/11
  6536 | D:8      | Noticed a two-headed ogre
  6607 | D:9      | Noticed Jeremiah
  6612 | D:10     | Entered Level 10 of the Dungeon
  6714 | D:10     | Reached **** piety under Hepliaklqana
  7315 | D:10     | Noticed Harold
  7320 | D:10     | Noticed a cyclops
  7334 | D:10     | Killed a cyclops
  7338 | D:10     | Killed Harold
  7339 | D:10     | Reached skill level 14 in Fighting
  8580 | D:10     | Found Cuon's Antique Weapon Shoppe.
  8759 | D:11     | Found a staircase to the Orcish Mines.
  8791 | D:11     | Killed an unseen horror
  8964 | D:11     | Noticed a manticore
  8977 | D:11     | Killed a manticore
  9259 | D:11     | Noticed a kobold demonologist
  9265 | D:11     | Killed a kobold demonologist
  9266 | D:11     | Reached XP level 11. HP: 72/72 MP: 12/12
  9290 | D:11     | Learned a level 3 spell: Call Canine Familiar
  9342 | D:11     | Identified the +4 long sword of Rafim {flame, ^Contam
                  | Str+7}
 10007 | D:11     | Reached skill level 10 in Polearms
 10007 | D:11     | Reached skill level 1 in Summonings
 10203 | Orc:1    | Entered Level 1 of the Orcish Mines
 10203 | Orc:1    | Noticed an orc high priest
 10210 | D:11     | Killed an orc high priest
 10501 | Orc:1    | Noticed an orc high priest
 10516 | Orc:1    | Noticed a sun demon
 11421 | D:12     | Found an opulent altar of Gozag.
 11467 | D:12     | Reached ***** piety under Hepliaklqana
 11490 | D:12     | Reached skill level 5 in Summonings
 11699 | D:13     | Noticed a tengu warrior
 11731 | D:13     | HP: 2/72 [tengu warrior/bolt (19)]
 11735 | D:13     | Shot with a bolt by a tengu warrior

Illustrated notes

Levels and vault maps discovered:
D:1:      lightli_arrival_maybe_door_vault, layout_rooms,
          hellmonk_ecumenical_altar_crossroads, minmay_misc_feat_enclosed
D:2:      layout_basic, uniq_sigmund
D:3:      layout_basic
D:4:      layout_basic, regret_index_temple_of_mockery,
          nicolae_ru_great_annihilating_truth,
          mainiacjoe_overflow_concentric_impassable
D:5:      layout_cave_pods, minmay_temple_entry_stoned_glass,
          kennysheep_big_empty_room, uniq_grinder, uniq_blork_the_orc
D:6:      layout_basic, mainiacjoe_overflow_alcove_4
D:7:      layout_loops_cross, grunt_temple_overflow_open
D:8:      layout_rooms, dpeg_oklobed_lair, uniq_erica
D:9:      layout_grid_maze, mainiacjoe_overflow_tiny_flanked,
          doesnt_shop_hydraphobe, uniq_joseph, uniq_jeremiah, uniq_maurice
D:10:     layout_basic, serial_shops, nicolae_shop_crystal, uniq_harold
D:11:     layout_roguey, david_orc_2
D:12:     layout_irregular_city, minmay_misc_feat_room, grunt_gozag_statues
D:13:     layout_gridville, gammafunk_ghost_cemetery, serial_shops,
          nicolae_shop_mannequins, serial_bayou_pond_e
Orc:1:    layout_caves

Skill      XL: |  1  2  3  4  5  6  7  8  9 10 11 |
---------------+----------------------------------+-----
Polearms       | 4 5 9 10 | 10.0
Fighting       | 5 7 8 11 13 14 | 14.9
Summonings     | 5 |  5.9
Dodging        | |  3.2

Action                     |  1- 3 |  4- 6 |  7- 9 | 10-12 || total
---------------------------+-------+-------+-------+-------++-------
  Melee: Spear             |    48 |       |       |       ||    48
         Kick              |    18 |     9 |    31 |    64 ||   122
         Peck              |     8 |     7 |    20 |    49 ||    84
         Mace              |     8 |     9 |       |       ||    17
         Trident           |       |    45 |   144 |   267 ||   456
   Fire: Sling             |    26 |    64 |    74 |       ||   164
  Throw: Javelin           |       |       |     9 |    16 ||    25
   Cast: Call Canine Famil |       |       |       |    10 ||    10
 Invoke: Ancestor Life: Kn |       |     1 |       |       ||     1
         Recall Ancestor   |       |       |       |     4 ||     4
    Use: Potion            |     1 |       |       |     2 ||     3
         Scroll            |       |       |     7 |    19 ||    26
   Stab: Distracted        |       |       |     2 |     2 ||     4
         Sleeping          |       |       |     1 |     1 ||     2
 Armour: Robe              |    20 |    25 |    23 |       ||    68
         Leather armour    |       |       |     8 |    11 ||    19
         Troll leather arm |       |       |       |    76 ||    76
  Dodge: Dodged            |    41 |    19 |    97 |   212 ||   369
  Block: Buckler           |       |     7 |    24 |    46 ||    77
